 Dungeon Crawl Stone Soup version 0.31.0-11-ge490571c62 (webtiles) character file.

Game seed: 7610043555323306064

214 qw the Shooter (level 5, 0/26 HPs)
             Began as a Spriggan Hunter on Feb 3, 2024.
             Slain by a gnoll
             ... wielding a +0 spear
              (4 damage)
             ... on level 3 of the Dungeon.
             The game lasted 00:00:10 (2429 turns).

qw the Shooter (Spriggan Hunter)                    Turns: 2429, Time: 00:00:11

Health: 0/26       AC:  2    Str:  7    XL:     5   Next: 59%
Magic:  6/6        EV: 20    Int: 11    God:
Gold:   87         SH:  0    Dex: 20    Spells: 4/4 levels left

rFire   . . .        a - +0 shortbow
rCold   . . .        (shield currently unavailable)
rNeg    . . .        c - +0 robe
rPois   .            (helmet restricted)
rElec   .            (no cloak)
rCorr   .            (gloves unavailable)
SInv    +            (boots unavailable)
Will    .....        (no amulet)
Stlth   ++           (no ring)
HPRegen 0.24/turn    (no ring)
MPRegen 0.10/turn

%: no passive effects
@: very quick
A: very small, no large weapons, unfitting armour, see invisible, speed 3
a: no special abilities


You were on level 3 of the Dungeon.
You visited 1 branch of the dungeon, and saw 3 of its levels.

You collected 87 gold pieces.


Innate Abilities, Weirdness & Mutations

You are very small and have problems with some larger weapons.
You are too small for most types of armour.
You have supernaturally acute eyesight. (SInv)
You cover ground extremely quickly. (Speed+++)


   Skills:
 - Level 2.1 Fighting
 + Level 5.6 Ranged Weapons
 - Level 5.3 Dodging
 - Level 1.5 Stealth


You had 4 spell levels left.
You didn't know any spells.
Your spell library was empty.

Inventory:

Hand Weapons
 a - a +0 shortbow (weapon)
Armour
 c - a +0 robe (worn)
Scrolls
 b - a scroll of identify
 e - a scroll of fog {unknown}
 h - a scroll of noise {unknown}
 i - a scroll of torment {unknown}
Potions
 d - a potion of cancellation
 f - a potion of brilliance {unknown}
 g - a potion of might {unknown}

Dungeon Overview and Level Annotations

Branches:
Dungeon (3/15)

Altars:


Message History

You kill the kobold!
The kobold barely misses you. The gnoll closely misses you.
You shoot an arrow.
The arrow hits the kobold but does no damage.
The kobold misses you.
The gnoll hits you from afar with a +0 spear.
You shoot an arrow. The arrow hits the kobold!
You kill the kobold!
The kobold closely misses you. The gnoll misses you.
You shoot an arrow. The arrow barely misses the kobold.
The arrow hits the kobold.
The kobold is moderately wounded.
The kobold closely misses you.
The gnoll hits you from afar with a +0 spear.
The kobold closely misses you. The gnoll closely misses you.
The kobold completely misses you.
You shoot an arrow.
The arrow hits the kobold but does no damage.
The kobold is moderately wounded.
The kobold completely misses you. The kobold hits you with a +0 club.
The kobold misses you. The gnoll completely misses you.
You shoot an arrow.
The arrow hits the kobold but does no damage.
The kobold closely misses you. x2; The kobold barely misses you.
The gnoll hits you from afar with a +0 spear!
You shoot an arrow. The arrow barely misses the kobold.
The kobold misses you. x2; The kobold closely misses you.
The gnoll completely misses you.
You shoot an arrow. The arrow barely misses the kobold.
The kobold completely misses you. The kobold hits you with a +0 club.
The kobold misses you. The gnoll completely misses you.
You shoot an arrow. The arrow barely misses the kobold.
The kobold completely misses you. The kobold misses you.
The kobold completely misses you. The gnoll closely misses you.
You shoot an arrow. The arrow hits the kobold.
The kobold is severely wounded.
The kobold completely misses you. The kobold closely misses you.
The kobold barely misses you.
The gnoll hits you from afar with a +0 spear.
You die...

#.#### #..............##.
####....## #..######......###
.....##..#######)#######.......##
.................................
.................................
~~...~~..~~.~~..(.~~~.~.~~.~~.~~~
~~~~~~~~~~~~~~..(.~~~~~~~~~~~~~~~
~~~~~~~~~~~~~~....~~~~~~~~~~~~~~~
~~~~~~~~~~~~~..K@.~~~~~~~~~~~~~~~
###############KK################
#?g.. #....# #....# ......
+...(.. #......#


You could see a gnoll and 3 kobolds.

Vanquished Creatures
  Jessica (D:2)
  Natasha (thrice) (D:2)
  Robin (D:3)
  An adder (D:3)
  2 dart slugs
  5 ball pythons
  4 bats
  6 endoplasms
  5 giant cockroaches
  12 goblins
  11 hobgoblins
  7 jackals
  10 kobolds
  3 quokkas
  3 frilled lizards
  4 rats
78 creatures vanquished.

Notes
Turn   | Place    | Note
-------+----------+-------------------------------------------
     0 | D:1      | qw the Spriggan Hunter began the quest for the Orb.
     0 | D:1      | Reached XP level 1. HP: 10/10 MP: 2/2
     0 | D:1      | 0 ||| qw: Version: 0.3-a-155-g5e7d8dd
     0 | D:1      | 0 ||| qw: Game counter: 3262
     0 | D:1      | 0 ||| qw: Melee chars always use a shield: true
     0 | D:1      | 0 ||| qw: God list: Okawaru
     0 | D:1      | 0 ||| qw: Allow faded altars: false
     0 | D:1      | 0 ||| qw: Do Orc after clearing Dungeon:15 true
     0 | D:1      | 0 ||| qw: Do second Lair branch before Depths: true
     0 | D:1      | 0 ||| qw: Lair rune preference: random
     0 | D:1      | 0 ||| qw: Goals: Normal
     0 | D:1      | 0 ||| PLANNING D:1-11
    58 | D:1      | Reached skill level 3 in Dodging
   131 | D:1      | Reached XP level 2. HP: 14/14 MP: 3/3
   434 | D:1      | Reached XP level 3. HP: 18/18 MP: 4/4
   743 | D:1      | 743 ||| READING scroll labelled ZOWUGA FOTHO.
   743 | D:1      | 743 ||| IDENTIFYING lumpy ruby potion
   744 | D:1      | 744 ||| READING scroll labelled EJOUTSOMUO.
   745 | D:1      | 745 ||| READING scroll labelled EVUTSA EDDUDGH.
   746 | D:1      | 746 ||| DROPPING scroll of butterflies.
   795 | D:2      | Noticed Natasha
   799 | D:2      | Killed Natasha
   812 | D:2      | Noticed Natasha
   824 | D:2      | Killed Natasha
   825 | D:2      | Reached XP level 4. HP: 9/22 MP: 5/5
   841 | D:2      | 841 ||| FLEEEEING.
   851 | D:2      | 851 ||| STAIRDANCE
   879 | D:1      | 879 ||| READING scroll labelled DIAXKE YSSULA.
  1038 | D:2      | Noticed Natasha
  1051 | D:2      | Killed Natasha
  1250 | D:2      | Noticed Jessica
  1254 | D:2      | Killed Jessica
  1255 | D:2      | Reached XP level 5. HP: 26/26 MP: 6/6
  1738 | D:2      | 1738 ||| READING scroll of identify.
  1738 | D:2      | 1738 ||| IDENTIFYING golden potion
  1739 | D:2      | 1739 ||| READING scroll labelled XIRCHAKLYPO.
  1739 | D:2      | 1739 ||| ENCHANTING +0 shortbow.
  1740 | D:2      | 1740 ||| DROPPING potion of degeneration.
  1836 | D:3      | Noticed Robin
  1852 | D:3      | Killed Robin
  1859 | D:3      | 1859 ||| FLEEEEING.
  1860 | D:3      | 1860 ||| FLEEEEING.
  1861 | D:3      | 1861 ||| FLEEEEING.
  1862 | D:3      | 1862 ||| FLEEEEING.
  1863 | D:3      | 1863 ||| FLEEEEING.
  1864 | D:3      | 1864 ||| FLEEEEING.
  1865 | D:3      | 1865 ||| FLEEEEING.
  1868 | D:3      | 1868 ||| FLEEEEING.
  1869 | D:3      | 1869 ||| FLEEEEING.
  1870 | D:3      | 1870 ||| FLEEEEING.
  1871 | D:3      | 1871 ||| FLEEEEING.
  1872 | D:3      | 1872 ||| FLEEEEING.
  1875 | D:3      | 1875 ||| FLEEEEING.
  1876 | D:3      | 1876 ||| FLEEEEING.
  1877 | D:3      | 1877 ||| FLEEEEING.
  1879 | D:3      | 1879 ||| FLEEEEING.
  1881 | D:3      | 1881 ||| FLEEEEING.
  1882 | D:3      | 1882 ||| FLEEEEING.
  1883 | D:3      | 1883 ||| FLEEEEING.
  1884 | D:3      | 1884 ||| STAIRDANCE
  1915 | D:3      | Identified the +0 ring mail of the Arena {rElec}
  2427 | D:3      | HP: 3/26 [kobold/+0 club (4)]
  2429 | D:3      | Slain by a gnoll

Levels and vault maps discovered:
D:1:      lordsloth_arrival_two_stooges, layout_basic, chequers_big_river,
          minmay_misc_feat_alley, hangedman_decor_growths
D:2:      layout_basic, uniq_jessica, uniq_natasha
D:3:      minmay_goblin_kobold_castle, layout_rooms, grunt_ministairs_5,
          chequers_serial_rivers_small_3, supply_closet_lemuel, uniq_robin,
          uniq_grinder, uniq_terence

Skill      XL: |  1  2  3  4 |
---------------+-------------+-----
Dodging        | 3 4 5 |  5.3
Ranged Weapons | 5 |  5.6
Fighting       | 2 |  2.1
Stealth        | |  1.5

Action                     |  1- 3 |  4- 6 || total
---------------------------+-------+-------++-------
   Fire: Shortbow          |    85 |   131 ||   216
    Use: Scroll            |     3 |     3 ||     6
 Armour: Robe              |    13 |    18 ||    31
  Dodge: Dodged            |    29 |    77 ||   106

Table legend:
 A = Non-vault XP
 B = Vault XP
 C = Vault XP percentage of total XP
 D = Non-vault monster count
 E = Vault monster count
 F = Vault count percentage of total count
                 A         B        C        D         E       F
            +---------+---------+-------+---------+---------+-------
      Total |     177 |     129 |  42.2 |      58 |      20 |  25.6
            +---------+---------+-------+---------+---------+-------
        D:1 |      46 |       0 |   0.0 |      25 |       0 |   0.0
        D:2 |     111 |      72 |  39.3 |      23 |       2 |   8.0
        D:3 |      20 |      57 |  74.0 |      10 |      18 |  64.3
            +---------+---------+-------+---------+---------+-------
